 Dungeon Crawl Stone Soup version 0.27.1-34-g3ba077fa99 (webtiles) character file.

Game seed: 7623229612527072103

24642 LLlMATKO the Fighter (level 12, -8/168 HPs)
             Began as a Minotaur Berserker on Jan 18, 2022.
             Was a High Priest of Trog.
             Mangled by a vault guard (11 damage)
             ... on level 13 of the Dungeon.
             The game lasted 00:20:50 (16917 turns).

LLlMATKO the Fighter (Minotaur Berserker)          Turns: 16917, Time: 00:20:51

Health: -8/168     AC: 22    Str: 34    XL:     12   Next: 82%
Magic:  11/11      EV: 15    Int:  4    God:    Trog [*****.]
Gold:   855        SH:  0    Dex: 21    Spells: 11/11 levels left

rFire    . . .     SeeInvis .   w - +5 executioner's axe "Uwuomif" {flame, Str+6}
rCold    . . .     Faith    .   (shield currently unavailable)
rNeg     + . .     Spirit   .   t - +1 plate armour
rPois    .         Reflect  .   (helmet restricted)
rElec    .         Harm     .   O - +2 cloak
rCorr    .         Rampage  .   (no gloves)
Will     +....                  v - +1 pair of boots
Stlth    ..........             R - amulet of regeneration
HPRegen  1.38/turn              L - ring of Gecs {rN+ Will+ Str+6}
MPRegen  0.12/turn              W - +6 ring of dexterity

@: berserking, very quick
A: horns 2, retaliatory headbutt
a: Renounce Religion, Berserk, Trog's Hand, Brothers in Arms


You were on level 13 of the Dungeon.
You worshipped Trog.
Trog was extremely pleased with you.
You visited 1 branch of the dungeon, and saw 13 of its levels.
You also visited: Ossuary.

You collected 855 gold pieces.

Inventory:

Hand Weapons
 q - a +2 hunting sling of flaming
 w - the +5 executioner's axe "Uwuomif" (weapon) {flame, Str+6}
   (Trog gifted it to you on level 11 of the Dungeon)

   It burns those it strikes, dealing additional fire damage.
   Big, fiery blades are also staple armaments of hydra-hunters.
   Str:       It affects your strength (+6).
 A - a +4 spear of venom
 J - a +2 whip of venom
 U - a +0 broad axe
Missiles
 f - 7 poisoned darts (quivered)
 g - 84 sling bullets
 z - 51 bolts
 N - 2 curare-tipped darts
 S - 5 throwing nets
 V - 6 boomerangs
Armour
 t - a +1 plate armour (worn)
 v - a +1 pair of boots (worn)
 M - a +0 kite shield of reflection
 O - a +2 cloak (worn)
 P - +0 fire dragon scales
Jewellery
 h - a +6 ring of strength
 L - the ring of Gecs (left hand) {rN+ Will+ Str+6}
   (You found it on level 8 of the Dungeon)

   [ring of willpower]

   Str:       It affects your strength (+6).
   rN:        It protects you from negative energy.
   Will:      It increases your willpower.
 R - an amulet of regeneration (around neck)
 W - a +6 ring of dexterity (right hand)
Wands
 a - a wand of paralysis (10)
 y - a wand of iceblast (10)
 F - a wand of polymorph (11)
 H - a wand of flame (41)
 Y - a wand of acid (9)
Scrolls
 b - 3 scrolls of fog
 c - 4 scrolls of enchant armour
 e - 16 scrolls of identify
 i - 7 scrolls of teleportation
 j - a scroll of silence
 r - 7 scrolls of amnesia
 u - 2 scrolls of magic mapping {unknown}
 C - 2 scrolls of blinking
 D - a scroll of holy word {unknown}
 G - a scroll of fear {unknown}
 Z - a scroll of noise {unknown}
Potions
 d - 2 potions of flight
 k - 2 potions of invisibility {unknown}
 l - 4 potions of attraction {unknown}
 m - 11 potions of curing {unknown}
 n - 3 potions of degeneration {unknown}
 o - 2 potions of haste {unknown}
 p - 2 potions of brilliance {unknown}
 s - 4 potions of might {unknown}
 x - a potion of resistance {unknown}
 E - 4 potions of lignification {unknown}
 I - a potion of berserk rage {unknown}
 K - 15 potions of ambrosia
 Q - a potion of mutation {unknown}
 T - 3 potions of cancellation {unknown}
 X - 3 potions of heal wounds {unknown}


   Skills:
 + Level 12.2 Fighting
 + Level 12.2 Axes
 + Level 7.4 Slings
 + Level 12.0 Armour
 + Level 11.0 Dodging
 + Level 7.5 Shields


You had 11 spell levels left.
You didn't know any spells.
Your spell library was empty.

Dungeon Overview and Level Annotations

Branches:
Dungeon (13/15)            Temple (0/1) D:7            Lair (0/6) D:10
    Orc (0/2) D:10         Vaults (0/5) D:13        Ossuary (visited)

Altars:
Fedhas
Gozag
Hepliaklqana
Kikubaaqudgha
Vehumet
Yredelemnul

Shops:
D:1 *   D:4 [   D:7 *   D:8 =   D:11 ((=(

Annotations:
D:5 2 transporters


Innate Abilities, Weirdness & Mutations

You have a pair of horns on your head.
You reflexively headbutt those who attack you in melee.


Message History

You burn the vault guard!!
You kill the vault guard!
Trog accepts your kill.
You slash the skeletal warrior! You burn the skeletal warrior.
You destroy the skeletal warrior!
Trog accepts your kill.
You slice the boulder beetle!! You burn the boulder beetle.
You feel the power of Trog in you as your rage grows.
You kill the boulder beetle!
Trog accepts your kill.
The vault guard hits you from afar with a +0 halberd.
* * * LOW HITPOINT WARNING * * *
The slime creature jiggles.
The vault guard hits you but does no damage.
You feel your intelligence returning.
Your Armour skill increases to level 12!
Your Dodging skill increases to level 11!
You slice the vault guard!! You burn the vault guard!
Your headbutt misses the vault guard.
The vault guard is severely wounded.
You slice the slime creature!! You burn the slime creature.
You slice the komodo dragon!! You burn the komodo dragon!
You kill the komodo dragon!
Trog accepts your kill.
The slime creature hits you but does no damage.
The kobold demonologist casts a spell.
The vault guard hits you but does no damage.
You slash the vault guard! You burn the vault guard.
The vault guard is almost dead.
You slash the slime creature! You burn the slime creature.
You hit the centaur warrior. You burn the centaur warrior.
The centaur warrior unwields a +0 longbow.
The centaur warrior misses you.
The centaur warrior kicks you but does no damage.
The vault guard hits you with a +3 great mace.
* * * LOW HITPOINT WARNING * * *
The slime creature hits you!
* * * LOW HITPOINT WARNING * * *
The vault guard hits you from afar with a +0 halberd!
You die...

#.# #######.#
#.......##########
#..####...........
#...............(.
#....##.......##.
#... ##.....## #..
##...## #. ##@## #


#.cJpT# #.#.p3#.# # .5.K. # ...∩5.. #.......# #.#...#.# ##.....## You could see
2 vault guards, a slime creature, a centaur warrior, a kobold demonologist, a
troll, a neqoxec (summoned), a crimson imp (summoned) and a shadow imp
(summoned).

Vanquished Creatures
  Azrael (D:12)
  2 vault guards (D:13)
  Harold (D:10)
  4 boulder beetles
  A hydra (D:13)
  A two-headed ogre (D:10)
  A skeletal warrior (D:13)
  A deep elf pyromancer (D:11)
  2 manticores
  A cyclops (D:13)
  Joseph (D:7)
  Maurice (D:9)
  4 gargoyles
  2 unseen horrors
  Psyche (D:9)
  A komodo dragon (D:13)
  A queen bee (D:11)
  3 trolls
  3 meliai (D:13)
  A hornet (D:10)
  10 yaks
  A basilisk (D:12)
  5 fire elementals (D:12)
  2 wyverns
  Grum (D:9)
  3 steam dragons
  An acid dragon (D:11)
  Duvessa (D:7)
  3 hell hounds (D:12)
  An ice beast (D:5)
  2 black bears
  7 orc warriors
  A sky beast (D:8)
  14 centaurs
  2 ogres
  2 wolves (D:9)
  2 necrophages
  A phantom (D:2)
  2 kobold brigands (D:9)
  2 bullfrogs
  Dowan (D:7)
  3 gnoll sergeants
  10 scorpions
  3 wyvern zombies
  A wyvern skeleton (D:7)
  32 killer bees
  3 vampire bats (D:6)
  An electric eel (D:10)
  5 howler monkeys
  6 centaur zombies
  A bullfrog zombie (D:6)
  2 jellies
  2 hounds (D:6)
  Crazy Yiuf (D:5)
  A centaur skeleton (D:3)
  2 human zombies (Ossuary)
  12 orc priests
  Jessica (D:3)
  2 iguanas
  13 orc wizards
  Natasha (thrice) (D:2)
  2 scorpion zombies (Ossuary)
  A killer bee zombie (D:8)
  3 mummies (Ossuary)
  5 adders
  10 gnolls
  A shadow imp (D:8)
  An ufetubus (D:4)
  An adder skeleton (D:4)
  A worm (D:2)
  3 dart slugs
  45 orcs
  4 ball pythons
  3 bat skeletons (D:6)
  2 bat zombies (D:6)
  4 endoplasms
  5 giant cockroaches
  3 gnoll zombies (Ossuary)
  8 goblins
  6 hobgoblins
  4 jackals (D:2)
  4 quokkas
  3 bats
  7 frilled lizards
  3 goblin zombies (Ossuary)
  A hobgoblin zombie (Ossuary)
  20 kobolds
  A kobold zombie (Ossuary)
  3 orc zombies (Ossuary)
  5 rats
  A bush (D:5)
361 creatures vanquished.

Vanquished Creatures (others)
  3 fungi (D:5)
3 creatures vanquished.

Grand Total: 364 creatures vanquished

Notes
Turn   | Place    | Note
-------+----------+-------------------------------------------
     0 | D:1      | LLlMATKO the Minotaur Berserker began the quest for the
                  | Orb.
     0 | D:1      | Reached XP level 1. HP: 19/19 MP: 0/0
   289 | D:1      | Reached XP level 2. HP: 24/27 MP: 1/1
   590 | D:1      | Found Egymm's Assorted Antiques.
   963 | D:2      | Noticed a phantom
   972 | D:2      | Killed a phantom
   973 | D:2      | Reached XP level 3. HP: 22/34 MP: 2/2
   973 | D:2      | Reached XP level 4. HP: 26/41 MP: 3/3
  1203 | D:2      | Found a faded altar of an unknown god.
  1422 | D:2      | Found an opulent altar of Gozag.
  1476 | D:2      | Reached ** piety under Trog
  1739 | D:2      | Reached XP level 5. HP: 47/47 MP: 4/4
  1845 | D:2      | Noticed Natasha
  1850 | D:2      | Killed Natasha
  1991 | D:2      | Noticed Natasha
  2000 | D:2      | Killed Natasha
  2032 | D:2      | Noticed Natasha
  2038 | D:2      | Killed Natasha
  2082 | D:2      | Found a faded altar of an unknown god.
  2374 | D:2      | Found an opulent altar of Gozag.
  2702 | D:3      | Noticed Jessica
  2706 | D:3      | Killed Jessica
  2707 | D:3      | Reached skill level 5 in Fighting
  2707 | D:3      | Reached skill level 5 in Axes
  2870 | D:3      | Reached XP level 6. HP: 47/56 MP: 5/5
  2991 | D:3      | Found a blossoming altar of Fedhas.
  3767 | D:4      | Noticed a yak
  3767 | D:4      | Noticed a yak
  3767 | D:4      | Noticed a yak
  3767 | D:4      | Noticed a yak
  3767 | D:4      | Noticed a yak
  3767 | D:4      | Noticed a yak
  3767 | D:4      | Found Zuebeta's Armour Shoppe.
  3773 | D:3      | Killed a yak
  3774 | D:3      | Reached skill level 5 in Armour
  3774 | D:3      | Reached XP level 7. HP: 62/62 MP: 6/6
  4173 | D:4      | Killed a yak
  4174 | D:4      | Reached skill level 5 in Dodging
  4175 | D:4      | Killed a yak
  4177 | D:4      | Killed a yak
  4178 | D:4      | Reached XP level 8. HP: 71/71 MP: 7/7
  4576 | D:5      | Entered Level 5 of the Dungeon
  4584 | D:4      | Found Zuebeta's Armour Shoppe.
  5113 | D:5      | Found a transporter.
  5246 | D:5      | Found a transporter.
  5273 | D:4      | Reached *** piety under Trog
  5862 | D:5      | Found a runed translucent door.
  5863 | D:5      | Noticed Crazy Yiuf
  5871 | D:5      | Killed Crazy Yiuf
  5924 | D:6      | Found a basalt altar of Yredelemnul.
  6031 | D:6      | Reached XP level 9. HP: 62/81 MP: 8/8
  6066 | D:6      | Found a sand-covered staircase.
  6122 | Ossuary  | Entered an ossuary
  6348 | Ossuary  | Reached **** piety under Trog
  6604 | D:6      | Found a radiant altar of Vehumet.
  6988 | D:6      | Found an ancient bone altar of Kikubaaqudgha.
  7146 | D:6      | Found a basalt altar of Yredelemnul.
  7249 | D:6      | Found a radiant altar of Vehumet.
  7410 | D:6      | Found an ancient bone altar of Kikubaaqudgha.
  7544 | D:7      | Noticed Duvessa
  7544 | D:7      | Noticed Dowan
  7550 | D:7      | Killed Duvessa
  7554 | D:7      | Found a staircase to the Ecumenical Temple.
  7572 | D:7      | Killed Dowan
  7587 | D:7      | Identified the +4 trident "Minotaur's Death" {vamp, Str+4}
  7799 | D:7      | Found Itwe's Neck Hole.
  8051 | D:7      | Noticed Joseph
  8062 | D:7      | Killed Joseph
  8063 | D:7      | Reached XP level 10. HP: 91/91 MP: 9/9
  8515 | D:7      | Found Itwe's Neck Hole.
  8614 | D:7      | Found a staircase to the Ecumenical Temple.
  8875 | D:8      | Found Numukanu's Jewellery Emporium.
  8961 | D:8      | Reached skill level 1 in Slings
  9430 | D:8      | Identified the ring of Gecs {rN+ Will+ Str+6}
  9984 | D:8      | Found Numukanu's Jewellery Emporium.
 10266 | D:9      | Noticed Maurice
 10278 | D:9      | Killed Maurice
 10279 | D:9      | Reached skill level 1 in Shields
 10287 | D:9      | Reached skill level 10 in Axes
 10331 | D:9      | Noticed a boulder beetle
 10355 | D:9      | Killed a boulder beetle
 10356 | D:9      | Reached skill level 10 in Fighting
 10463 | D:9      | Noticed Grum
 10471 | D:9      | Killed Grum
 10651 | D:9      | Reached skill level 10 in Armour
 10683 | D:9      | Noticed Psyche
 10689 | D:9      | Killed Psyche
 10720 | D:9      | Found an opulent altar of Gozag.
 11238 | D:10     | Entered Level 10 of the Dungeon
 11238 | D:10     | Found a staircase to the Lair.
 11793 | D:9      | Found an opulent altar of Gozag.
 11843 | D:10     | Reached XP level 11. HP: 101/101 MP: 10/10
 12137 | D:10     | Found a hazy altar of Hepliaklqana.
 12150 | D:10     | Noticed Harold
 12175 | D:10     | Noticed a two-headed ogre
 12372 | D:10     | Killed Harold
 12771 | D:10     | Killed a two-headed ogre
 12771 | D:10     | Reached ***** piety under Trog
 12862 | D:10     | Found a staircase to the Orcish Mines.
 13208 | D:10     | Found a hazy altar of Hepliaklqana.
 13273 | D:10     | Found a staircase to the Lair.
 13596 | D:10     | Found a staircase to the Orcish Mines.
 13674 | D:11     | Found Aptigasen's Jewellery Shop.
 13674 | D:11     | Noticed a boulder beetle
 13691 | D:11     | Killed a boulder beetle
 13699 | D:11     | Found Xiowkypt's Weapon Boutique.
 13721 | D:11     | Found Orecwy's Weapon Emporium.
 13876 | D:11     | Reached skill level 5 in Slings
 13907 | D:11     | Found Idun's Antique Weapon Shoppe.
 13979 | D:11     | Noticed a deep elf pyromancer
 13991 | D:11     | Killed a deep elf pyromancer
 14188 | D:11     | Reached skill level 5 in Shields
 14197 | D:11     | Reached skill level 10 in Dodging
 14383 | D:11     | Identified the +5 executioner's axe "Uwuomif" {flame,
                  | Str+6} (Trog gifted it to you on level 11 of the Dungeon)
 14383 | D:11     | Received a gift from Trog
 14636 | D:11     | Found Xiowkypt's Weapon Boutique.
 14649 | D:11     | Found Orecwy's Weapon Emporium.
 14689 | D:11     | Found Idun's Antique Weapon Shoppe.
 14807 | D:11     | Found Aptigasen's Jewellery Shop.
 15213 | D:12     | Reached XP level 12. HP: 83/110 MP: 11/11
 15481 | D:12     | Noticed Azrael
 15499 | D:12     | Killed Azrael
 15785 | D:12     | Noticed a boulder beetle
 15795 | D:12     | Killed a boulder beetle
 16384 | D:12     | Identified the +1 robe of Pongiudgh {Stlth+}
 16755 | D:13     | Noticed a four-headed hydra
 16763 | D:13     | Killed a two-headed hydra
 16906 | D:13     | Found a gate to the Vaults.
 16906 | D:13     | Noticed a centaur warrior
 16906 | D:13     | Noticed a vault guard
 16906 | D:13     | Noticed a boulder beetle
 16906 | D:13     | Noticed a vault guard
 16906 | D:13     | Noticed a vault guard
 16906 | D:13     | Noticed a vault guard
 16911 | D:13     | Killed a vault guard
 16915 | D:13     | Killed a vault guard
 16915 | D:13     | Killed a boulder beetle
 16917 | D:13     | HP: 3/168 [slime creature (14)]
 16917 | D:13     | Mangled by a vault guard

Illustrated notes

Levels and vault maps discovered:
D:1:      moated_graveyard_arrival, layout_basic, serial_shops, shop
D:2:      layout_basic, basic_altar, hellmonk_ecumenical_altar_dog_temple,
          uniq_natasha
D:3:      layout_basic, fedhas_altar_1, uniq_jessica
D:4:      layout_loops_ring, serial_shops, nicolae_stop_n_shop_1
D:5:      gammafunk_wand_slinger, layout_loops_cross, uniq_crazy_yiuf_cottage
D:6:      layout_cave_pools, mainiacjoe_overflow_six_doors_small,
          kennysheep_vampire_church, yredelemnul_altar_generic,
          nicolae_ossuary_entry_ruins
D:7:      layout_loops_ring, minmay_temple_entry_junction_2,
          nicolae_shop_sticking_my_neck_out, uniq_duvessa, uniq_joseph
D:8:      layout_basic, serial_shops, nicolae_stop_n_shop_1, minivault_10,
          minmay_checkerbox
D:9:      layout_basic, grunt_gozag_breadcrumbs, uniq_grum, uniq_maurice,
          uniq_psyche
D:10:     layout_basic, mainiacjoe_overflow_alcove_2, lair_entry_dummy,
          erik_orc_2, st_stairs_9, uniq_harold
D:11:     layout_roguey [special_room_bee], serial_shops, shop, shop, shop,
          nicolae_shop_trees
D:12:     layout_loops_cross, uniq_azrael
D:13:     layout_long_grid, lightli_vaults_fourway_checkpoint

Skill      XL: |  1  2  3  4  5  6  7  8  9 10 11 12 |
---------------+-------------------------------------+-----
Fighting       | 4 5 6 7 9 10 11 12 | 12.2
Axes           | 4 5 6 7 9 10 11 12 | 12.2
Armour         | 3 4 5 6 7 9 10 11 12 | 12.0
Dodging        | 3 4 5 6 8 9 10 11 | 11.0
Slings         | 3 6 7 |  7.4
Shields        | 3 5 7 |  7.5

Action                   |  1- 3 |  4- 6 |  7- 9 | 10-12 || total
-------------------------+-------+-------+-------+-------++-------
Melee: Hand axe          |    43 |   113 |   127 |       ||   283
       Headbutt          |     4 |    28 |   105 |   104 ||   241
       Mace              |       |       |   164 |       ||   164
       War axe           |       |       |    11 |   224 ||   235
       Unarmed           |       |       |     3 |       ||     3
       Broad axe         |       |       |       |    50 ||    50
       Spear             |       |       |       |    35 ||    35
       Executioner's axe |       |       |       |    81 ||    81
 Fire: Hunting sling     |       |       |       |    79 ||    79
Throw: Dart              |       |     2 |    16 |    10 ||    28
Invok: Berserk           |       |     4 |     7 |    15 ||    26
  Use: Scroll            |       |       |     9 |       ||     9
 Stab: Distracted        |       |     1 |       |       ||     1
Armor: Animal skin       |    10 |    17 |       |       ||    27
       Chain mail        |       |     7 |       |       ||     7
       Plate armour      |       |       |   188 |   306 ||   494
       Skin              |       |       |     3 |       ||     3
Dodge: Dodged            |    29 |    65 |   145 |   303 ||   542
Block: Kite shield       |       |       |       |   173 ||   173
       Reflection        |       |       |       |    12 ||    12
